 Dungeon Crawl Stone Soup version 0.19-a0-628-g9200b3b (webtiles) character file.

146 georgeearnest the Skirmisher (level 5, 0/47 HPs)
             Began as a Hill Orc Fighter on June 13, 2016.
             Slain by a gnoll
             ... wielding a +0 halberd
              (10 damage)
             ... on level 2 of the Dungeon.
             The game lasted 00:03:15 (2194 turns).

georgeearnest the Skirmisher (Hill Orc Fighter)     Turns: 2194, Time: 00:03:16

Health: 0/47       AC:  7    Str: 20    XL:     5   Next: 28%
Magic:  5/5        EV:  3    Int:  8    God:
Gold:   103        SH:  9    Dex: 10    Spells: 0 memorised, 4 levels left

rFire  . . .     SeeInvis .     a - +0 war axe
rCold  . . .     Gourm    .     b - +0 scale mail
rNeg   . . .     Faith    .     c - +0 shield
rPois  .         Spirit   .     (no helmet)
rElec  .         Dismiss  .     (no cloak)
rCorr  .         Reflect  .     (no gloves)
SustAt .         Harm     .     (no boots)
MR     .....                    (no amulet)
Stlth  ..........               (no ring)
                                (no ring)

@: not resistant to hostile enchantments, extremely unstealthy
A: no striking features
a: no special abilities


You were on level 2 of the Dungeon.
You were not hungry.

You visited 1 branch of the dungeon, and saw 3 of its levels.

You collected 103 gold pieces.

Inventory:

Hand Weapons
 a - a +0 war axe (weapon)
Armour
 b - a +0 scale mail (worn)
 c - a +0 shield (worn)
Scrolls
 e - a scroll of remove curse {unknown}
 h - 3 scrolls of random uselessness {unknown}
 i - a scroll of blinking {unknown}
 j - 5 scrolls of fear {unknown}
 k - 4 scrolls of identify {unknown}
 l - a scroll of enchant weapon {unknown}
 m - a scroll of enchant armour {unknown}
 o - a scroll of teleportation {unknown}
Potions
 d - 2 potions of might
Comestibles
 f - a bread ration
 g - 2 meat rations


   Skills:
 + Level 4.5 Fighting
 + Level 3.2 Axes
 + Level 4.1 Armour
 + Level 1.2 Dodging
 + Level 4.5 Shields


You had 4 spell levels left.
You didn't know any spells.

Dungeon Overview and Level Annotations

Branches:
Dungeon (3/15)

Altars:
Cheibriados
Elyvilon
Gozag
Uskayaw
Vehumet


Message History

The gnoll closely misses you. You block the gnoll's attack.
The gnoll hits you with a halberd!
* * * LOW HITPOINT WARNING * * *
Things that are here:
an enchanted spear; a flail; a gnoll skeleton You hit the gnoll.
The gnoll is moderately wounded.
You block the gnoll's attack.
You hit the gnoll but do no damage.
The gnoll is moderately wounded.
The gnoll hits you with a halberd.
* * * LOW HITPOINT WARNING * * *
Your shield and scale mail prevent you from hitting the gnoll.
The gnoll is lightly wounded.
The gnoll hits you but does no damage. The gnoll closely misses you.
There is a stone staircase leading up, spattered with blood here.
The gnoll hits you from afar with a halberd!
You die...

###### ##### #....#
#g)@# #.##.#
#.#####.##g#########
#....gg.##.g..g.....
###################.
#....# ##. ####
#....## #.. ...#
#.....#### #.#
.#.#####
#........###.#
.#.....#
#..§§.§.......


You could see a gnoll.

Vanquished Creatures
  Crazy Yiuf (D:2)
  6 gnolls (D:2)
  An adder (D:2)
  A worm (D:2)
  A dart slug (D:1)
  A giant gecko (D:2)
  2 giant cockroaches
  8 goblins
  7 hobgoblins
  A quokka (D:2)
  A ball python (D:2)
  5 bats
  3 giant newts
  5 kobolds
  2 rats (D:1)
45 creatures vanquished.

Vanquished Creatures (others)
  A bat (D:2)
1 creature vanquished.

Grand Total: 46 creatures vanquished

Notes
Turn   | Place    | Note
--------------------------------------------------------------
     0 | D:1      | georgeearnest the Hill Orc Fighter began the quest for the Orb.
     0 | D:1      | Reached XP level 1. HP: 19/19 MP: 1/1
    95 | D:1      | Reached XP level 2. HP: 21/27 MP: 2/2
   414 | D:1      | Reached XP level 3. HP: 31/33 MP: 3/3
   740 | D:2      | Found a radiant altar of Vehumet.
   806 | D:2      | Found a hide-covered altar of Uskayaw.
   806 | D:2      | Found a white marble altar of Elyvilon.
   847 | D:2      | Found an opulent altar of Gozag.
   874 | D:2      | Found a snail-covered altar of Cheibriados.
   969 | D:2      | Reached XP level 4. HP: 28/40 MP: 4/4
   996 | D:2      | Reached skill level 1 in Dodging
  1495 | D:2      | Noticed Crazy Yiuf
  1502 | D:2      | Killed Crazy Yiuf
  1502 | D:2      | Reached XP level 5. HP: 47/47 MP: 5/5
  2194 | D:2      | Slain by a gnoll

Vault maps used:
D:1:      dpeg_arrival_morbid_curiosity, minmay_misc_feat_chi
D:2:      fiery_altar_vehumet, cheibriados_altar_1,
          gammafunk_temple_overflow_statue, grunt_gozag_statues,
          uniq_crazy_yiuf_cottage
D:3:      first_bread, st_stairs_12

Skill      XL: |  1  2  3  4  5 |
---------------+----------------+-----
Fighting       | 4 |  4.5
Shields        | 4 |  4.5
Axes           | 3 |  3.2
Dodging        | 1 |  1.2
Armour         | 4 |  4.1

Action                   |  1- 3 |  4- 6 || total
-------------------------+-------+-------++-------
Melee: War axe           |    94 |    55 ||   149
  Use: Potion            |       |     5 ||     5
  Eat: Bread ration      |       |     1 ||     1
Armor: Scale mail        |    55 |    20 ||    75
       Skin              |       |     1 ||     1
Dodge: Dodged            |    25 |    15 ||    40
Block: Shield            |    49 |    46 ||    95
